[ PARTIDA AOE2 · #481712710 ]
UnrankedPersas vs Maya
[ ANÁLISIS DE REPETICIÓN · EXTRAÍDO DE LA PARTIDA GRABADA ]
Feudal
11:55
Castillos
26:43
Imperial
37:44
| APM promedio | 10.3 |
| APM pico | 47 |
| eAPM promedio | 6.5 |
| Aldeanos / militares | 53 / 66 |
Foco
⚔️ 35.5% · 🌾 64.5%
Knight ×31 · Trade Cart ×11 · War Elephant ×11 · Mangonel ×6 · Skirmisher ×6 · Scout Cavalry ×5
Feudal
—
Castillos
—
Imperial
—
| APM promedio | 35.2 |
| APM pico | 105 |
| eAPM promedio | 27.1 |
| Aldeanos / militares | 88 / 184 |
Foco
⚔️ 68.5% · 🌾 31.5%
Archer ×178 · Trebuchet (Packed) ×6 · Fishing Ship ×4
Feudal
11:53
Castillos
24:35
Imperial
43:27
| APM promedio | 18.5 |
| APM pico | 47 |
| eAPM promedio | 12.9 |
| Aldeanos / militares | 125 / 150 |
Foco
⚔️ 39.7% · 🌾 60.3%
Knight ×76 · Archer ×36 · Battering Ram ×11 · Mangonel ×9 · Trade Cart ×8 · Trebuchet (Packed) ×8
Feudal
—
Castillos
—
Imperial
—
| APM promedio | 34.7 |
| APM pico | 80 |
| eAPM promedio | 15.5 |
| Aldeanos / militares | 128 / 106 |
Foco
⚔️ 19.2% · 🌾 80.8%
Mangudai ×69 · Archer ×34 · Mangonel ×2 · Battering Ram ×1
Feudal
—
Castillos
—
Imperial
—
| APM promedio | 22.6 |
| APM pico | 61 |
| eAPM promedio | 14.9 |
| Aldeanos / militares | 145 / 273 |
Foco
⚔️ 33.1% · 🌾 66.9%
Spearman ×220 · Mangonel ×32 · Composite Bowman ×14 · Archer ×4 · Trade Cart ×4 · Trebuchet (Packed) ×3
Feudal
—
Castillos
—
Imperial
—
| APM promedio | 17.3 |
| APM pico | 66 |
| eAPM promedio | 9.5 |
| Aldeanos / militares | 94 / 74 |
Foco
⚔️ 30.5% · 🌾 69.5%
Archer ×53 · Skirmisher ×12 · Trebuchet (Packed) ×5 · Mangonel ×4
Mapa de la partida
Recursos iniciales + cada clic de construcción. Líneas = muros · curvas = relieve. ◆ oro · ⬟ piedra · ● bayas · ✦ reliquia · ◌ hueco del cierre
Tu base· Abierta — el rival se encerró
Base de J Stark 8910· ✓ Cerrada en 23:20 · 19t muro · sin puerta
Base de MAREKE· Abierta — el rival se encerró
Base de SupremestStone· ✓ Cerrada en 23:24 · 56t muro · 1 puerta(s)
Base de AlejoLodbrok· ✓ Cerrada en 22:55 · 49t muro · 2 puerta(s)
Base de JZan774426· Abierta — el rival se encerró
Terreno inicial suavizado · ◌ = hueco del cierre detectado · pasá el cursor para detalles
Inputs por minuto
— f.zangroniz - - J Stark 8910
Build order — f.zangroniz
Primeras 150 de 238 acciones detectadas
| 0:09 | Construir | House |
| 0:11 | Construir | House |
| 0:15 | Crear | Villager (Male) |
| 0:26 | Crear | Villager (Male) |
| 0:27 | Crear | Villager (Male) |
| 0:32 | Crear | Villager (Male) |
| 0:32 | Crear | Villager (Male) |
| 1:01 | Construir | Lumber Camp |
| 1:50 | Crear | Villager (Male) |
| 2:27 | Crear | Villager (Male) |
| 2:48 | Construir | Mill |
| 2:57 | Crear | Villager (Male) |
| 3:19 | Investigar | Loom |
| 3:50 | Crear | Villager (Male) |
| 4:08 | Crear | Villager (Male) |
| 4:26 | Crear | Villager (Male) |
| 4:40 | Construir | House |
| 4:42 | Construir | House |
| 5:16 | Crear | Villager (Male) |
| 6:14 | Crear | Villager (Male) |
| 6:15 | Crear | Villager (Male) |
| 6:53 | Construir | Barracks |
| 7:40 | Crear | Villager (Male) |
| 7:41 | Crear | Villager (Male) |
| 8:27 | Construir | Farm |
| 8:34 | Construir | Farm |
| 8:35 | Construir | Farm |
| 8:46 | Crear | Villager (Male) |
| 9:52 | Investigar | Feudal Age |
| 10:11 | Construir | Farm |
| 10:11 | Construir | Farm |
| 10:12 | Construir | Farm |
| 10:19 | Construir | Farm |
| 10:43 | Construir | Farm |
| 11:11 | Construir | Farm |
| 11:55 | Edad | Edad Feudal |
| 11:58 | Crear | Villager (Male) |
| 11:58 | Crear | Villager (Male) |
| 12:06 | Crear | Spearman |
| 12:20 | Crear | Villager (Male) |
| 12:29 | Construir | Archery Range |
| 12:37 | Crear | Villager (Male) |
| 12:47 | Construir | House |
| 13:03 | Crear | Militia |
| 13:21 | Construir | Market |
| 13:28 | Crear | Villager (Male) |
| 13:34 | Construir | House |
| 14:04 | Construir | Stone Wall |
| 14:26 | Construir | Stable |
| 14:34 | Construir | House |
| 14:45 | Construir | Farm |
| 15:43 | Construir | Mining Camp |
| 15:51 | Crear | Villager (Male) |
| 15:51 | Crear | Villager (Male) |
| 15:52 | Crear | Villager (Male) |
| 16:01 | Crear | Scout Cavalry |
| 16:02 | Crear | Scout Cavalry |
| 16:02 | Crear | Scout Cavalry |
| 16:11 | Construir | Blacksmith |
| 16:32 | Investigar | Wheelbarrow |
| 16:48 | Crear | Villager (Male) |
| 16:55 | Investigar | Double-Bit Axe |
| 16:59 | Investigar | Horse Collar |
| 17:36 | Crear | Scout Cavalry |
| 17:36 | Crear | Scout Cavalry |
| 17:50 | Crear | Villager (Male) |
| 17:51 | Crear | Villager (Male) |
| 18:52 | Construir | Gate |
| 19:16 | Construir | Mining Camp |
| 19:26 | Construir | Farm |
| 19:29 | Crear | Villager (Male) |
| 19:29 | Crear | Villager (Male) |
| 19:30 | Crear | Villager (Male) |
| 20:03 | Construir | House |
| 20:05 | Construir | House |
| 20:09 | Construir | House |
| 20:10 | Construir | House |
| 20:16 | Investigar | Scale Barding Armor |
| 20:50 | Crear | Trade Cart |
| 20:50 | Crear | Trade Cart |
| 20:50 | Crear | Trade Cart |
| 21:04 | Crear | Villager (Male) |
| 21:12 | Construir | Farm |
| 21:16 | Crear | Villager (Male) |
| 21:19 | Investigar | Town Watch |
| 21:45 | Construir | Farm |
| 21:48 | Crear | Villager (Male) |
| 22:09 | Construir | Farm |
| 22:13 | Investigar | Forging |
| 22:42 | Construir | Farm |
| 22:51 | Crear | Villager (Male) |
| 22:51 | Crear | Villager (Male) |
| 23:21 | Construir | Farm |
| 24:17 | Investigar | Castle Age |
| 24:38 | Crear | Skirmisher |
| 24:39 | Crear | Skirmisher |
| 24:39 | Crear | Skirmisher |
| 25:03 | Investigar | Gold Mining |
| 25:18 | Investigar | Stone Mining |
| 25:39 | Crear | Trade Cart |
| 25:39 | Crear | Trade Cart |
| 25:51 | Investigar | Fletching |
| 26:12 | Crear | Skirmisher |
| 26:12 | Crear | Skirmisher |
| 26:12 | Crear | Skirmisher |
| 26:34 | Crear | Villager (Male) |
| 26:34 | Crear | Villager (Male) |
| 26:36 | Crear | Villager (Male) |
| 26:43 | Edad | Edad de los Castillos |
| 26:48 | Construir | Siege Workshop |
| 27:14 | Investigar | Hand Cart |
| 27:37 | Construir | House |
| 27:38 | Construir | House |
| 27:40 | Construir | House |
| 27:41 | Construir | House |
| 27:47 | Crear | Battering Ram |
| 27:55 | Investigar | Gold Shaft Mining |
| 28:05 | Construir | Farm |
| 28:24 | Investigar | Stone Shaft Mining |
| 28:48 | Investigar | Light Cavalry (upgrade) |
| 28:59 | Crear | Mangonel |
| 29:13 | Crear | Villager (Male) |
| 29:13 | Crear | Villager (Male) |
| 29:34 | Construir | Castle |
| 29:51 | Crear | Villager (Male) |
| 30:05 | Construir | University |
| 30:32 | Crear | Villager (Male) |
| 30:33 | Crear | Villager (Male) |
| 31:46 | Crear | Villager (Male) |
| 31:47 | Crear | Villager (Male) |
| 31:47 | Crear | Villager (Male) |
| 31:56 | Crear | Mangonel |
| 32:27 | Construir | Monastery |
| 33:04 | Crear | Battering Ram |
| 34:19 | Construir | Farm |
| 34:59 | Investigar | Imperial Age |
| 35:06 | Investigar | Murder Holes |
| 35:19 | Investigar | Bodkin Arrow |
| 35:43 | Crear | Monk |
| 36:40 | Investigar | Masonry |
| 37:44 | Edad | Edad Imperial |
| 37:47 | Crear | Trebuchet (Packed) |
| 37:49 | Crear | Trebuchet (Packed) |
| 38:05 | Crear | Villager (Male) |
| 38:05 | Crear | Villager (Male) |
| 38:05 | Crear | Villager (Male) |
| 38:08 | Crear | Villager (Male) |
| 38:11 | Investigar | Bow Saw |
| 38:25 | Investigar | Elite Skirmisher (upgrade) |
| 38:45 | Investigar | Scale Mail Armor |
Build order — J Stark 8910
Primeras 150 de 222 acciones detectadas
| 0:09 | Construir | House |
| 0:10 | Construir | House |
| 0:10 | Construir | House |
| 0:10 | Construir | House |
| 0:10 | Construir | House |
| 0:19 | Investigar | Loom |
| 0:20 | Crear | Villager (Male) ×3 |
| 0:20 | Crear | Villager (Male) ×3 |
| 1:16 | Construir | Palisade Wall |
| 1:55 | Construir | House |
| 1:56 | Construir | House |
| 1:58 | Construir | House |
| 2:00 | Construir | House |
| 2:41 | Crear | Villager (Male) |
| 3:27 | Construir | House |
| 4:26 | Crear | Villager (Male) |
| 4:26 | Crear | Villager (Male) |
| 5:14 | Crear | Villager (Male) |
| 5:14 | Crear | Villager (Male) |
| 5:14 | Crear | Villager (Male) |
| 5:42 | Crear | Villager (Male) |
| 5:42 | Crear | Villager (Male) |
| 6:05 | Crear | Villager (Male) |
| 6:05 | Crear | Villager (Male) |
| 6:22 | Construir | Lumber Camp |
| 6:33 | Crear | Villager (Male) |
| 6:33 | Crear | Villager (Male) |
| 6:54 | Crear | Villager (Male) |
| 6:54 | Crear | Villager (Male) |
| 7:38 | Crear | Villager (Male) ×2 |
| 8:06 | Crear | Villager (Male) ×2 |
| 8:06 | Crear | Villager (Male) ×2 |
| 8:06 | Crear | Villager (Male) ×2 |
| 8:32 | Crear | Villager (Male) |
| 8:32 | Crear | Villager (Male) |
| 8:59 | Construir | Dock |
| 9:20 | Crear | Villager (Male) ×3 |
| 9:21 | Crear | Villager (Male) ×3 |
| 9:45 | Crear | Villager (Male) ×2 |
| 10:18 | Crear | Villager (Male) ×2 |
| 10:49 | Construir | House |
| 11:12 | Construir | Mill |
| 12:12 | Construir | Lumber Camp |
| 12:49 | Crear | Fishing Ship |
| 13:47 | Investigar | Feudal Age |
| 13:53 | Construir | Farm |
| 13:54 | Construir | Farm |
| 13:55 | Construir | Farm |
| 13:59 | Construir | Farm |
| 14:47 | Construir | Mill |
| 14:57 | Crear | Fishing Ship |
| 16:00 | Investigar | Wheelbarrow |
| 16:03 | Investigar | Tech 906 |
| 16:07 | Investigar | Double-Bit Axe |
| 16:21 | Construir | Stone Wall |
| 16:54 | Construir | Farm |
| 16:55 | Construir | Farm |
| 16:58 | Construir | Farm |
| 17:11 | Crear | Villager (Male) ×5 |
| 17:34 | Construir | Watch Tower |
| 18:27 | Construir | Farm |
| 18:29 | Construir | Farm |
| 18:37 | Construir | Blacksmith |
| 18:58 | Construir | Mining Camp |
| 19:03 | Crear | Fishing Ship ×2 |
| 19:51 | Construir | Mining Camp |
| 20:13 | Construir | Market |
| 20:20 | Crear | Villager (Male) ×5 |
| 21:56 | Construir | Watch Tower |
| 23:20 | Investigar | Castle Age |
| 23:28 | Construir | Mining Camp |
| 24:04 | Construir | Barracks |
| 24:10 | Investigar | Fletching |
| 24:10 | Investigar | Padded Archer Armor |
| 24:18 | Investigar | Town Watch |
| 24:25 | Investigar | Horse Collar |
| 24:28 | Crear | Villager (Male) ×5 |
| 26:00 | Construir | Fish Trap |
| 26:01 | Construir | Fish Trap |
| 26:02 | Construir | Fish Trap |
| 26:10 | Investigar | Bodkin Arrow |
| 26:10 | Investigar | Leather Archer Armor |
| 26:20 | Construir | Archery Range |
| 26:21 | Construir | Archery Range |
| 26:21 | Construir | Archery Range |
| 26:21 | Construir | Archery Range |
| 26:21 | Construir | Archery Range |
| 26:22 | Construir | Archery Range |
| 26:22 | Construir | Archery Range |
| 26:26 | Investigar | Heavy Plow |
| 26:44 | Investigar | Stone Mining |
| 26:45 | Investigar | Gold Mining |
| 27:39 | Construir | Town Center |
| 27:41 | Investigar | Bow Saw |
| 28:01 | Construir | House |
| 29:05 | Construir | Castle |
| 29:31 | Construir | University |
| 29:39 | Investigar | Town Patrol |
| 29:40 | Crear | Villager (Male) ×5 |
| 29:40 | Crear | Villager (Male) ×5 |
| 29:41 | Crear | Villager (Male) ×5 |
| 29:41 | Crear | Villager (Male) ×4 |
| 30:09 | Construir | Fish Trap |
| 30:47 | Construir | Barracks |
| 30:50 | Investigar | Forging |
| 30:51 | Investigar | Scale Mail Armor |
| 31:27 | Investigar | Crossbowman (upgrade) |
| 31:37 | Crear | Archer ×5 |
| 31:38 | Crear | Archer |
| 31:46 | Investigar | Fortified Wall (upgrade) |
| 31:48 | Investigar | Treadmill Crane |
| 31:50 | Investigar | Murder Holes |
| 31:58 | Crear | Villager (Male) |
| 31:58 | Crear | Villager (Male) |
| 31:58 | Crear | Villager (Male) |
| 32:16 | Construir | Mining Camp |
| 32:56 | Construir | Stone Wall |
| 33:20 | Investigar | Hand Cart |
| 33:21 | Crear | Villager (Male) ×5 |
| 33:21 | Crear | Villager (Male) |
| 33:21 | Crear | Villager (Male) |
| 33:29 | Construir | House |
| 33:29 | Construir | House |
| 33:29 | Construir | House |
| 33:29 | Construir | House |
| 33:30 | Construir | House |
| 33:30 | Construir | House |
| 33:30 | Construir | House |
| 33:30 | Construir | House |
| 33:32 | Construir | House |
| 33:32 | Construir | House |
| 33:33 | Construir | House |
| 33:33 | Construir | House |
| 35:35 | Investigar | Imperial Age |
| 35:39 | Crear | Villager (Male) ×4 |
| 35:59 | Crear | Archer ×5 |
| 36:22 | Investigar | Ballistics |
| 36:24 | Investigar | Masonry |
| 36:50 | Construir | House |
| 36:50 | Construir | House |
| 36:51 | Construir | House |
| 36:51 | Construir | House |
| 36:51 | Construir | House |
| 36:51 | Construir | House |
| 36:52 | Construir | House |
| 36:52 | Construir | House |
| 36:54 | Construir | House |
| 36:54 | Construir | House |
| 36:54 | Construir | House |
| 36:54 | Construir | House |
Build order — MAREKE
Primeras 150 de 417 acciones detectadas
| 0:00 | Crear | Villager (Male) |
| 0:01 | Crear | Villager (Male) |
| 0:01 | Crear | Villager (Male) |
| 0:02 | Construir | House |
| 0:04 | Construir | House |
| 0:34 | Crear | Villager (Male) |
| 1:29 | Crear | Villager (Male) |
| 2:05 | Crear | Villager (Male) |
| 2:05 | Crear | Villager (Male) |
| 2:14 | Construir | Lumber Camp |
| 2:16 | Crear | Villager (Male) |
| 2:48 | Crear | Villager (Male) |
| 3:29 | Crear | Villager (Male) |
| 3:38 | Construir | House |
| 3:48 | Crear | Villager (Male) |
| 4:04 | Construir | Mill |
| 4:05 | Construir | Mill |
| 4:10 | Crear | Villager (Male) |
| 4:35 | Crear | Villager (Male) |
| 5:12 | Crear | Villager (Male) |
| 5:20 | Construir | House |
| 5:24 | Crear | Villager (Male) |
| 5:25 | Crear | Villager (Male) |
| 5:32 | Crear | Villager (Male) |
| 5:57 | Crear | Villager (Male) |
| 6:22 | Construir | Palisade Wall |
| 6:28 | Crear | Villager (Male) |
| 7:04 | Crear | Villager (Male) |
| 7:32 | Crear | Villager (Male) |
| 7:32 | Crear | Villager (Male) |
| 7:58 | Construir | Mining Camp |
| 8:05 | Crear | Villager (Male) |
| 8:08 | Construir | House |
| 8:20 | Crear | Villager (Male) |
| 8:56 | Investigar | Loom |
| 9:43 | Investigar | Feudal Age |
| 9:55 | Construir | Barracks |
| 10:26 | Construir | Farm |
| 10:42 | Construir | Farm |
| 11:42 | Construir | Farm |
| 11:53 | Edad | Edad Feudal |
| 11:56 | Construir | Stable |
| 12:02 | Crear | Villager (Male) |
| 12:03 | Crear | Villager (Male) |
| 12:09 | Construir | Farm |
| 12:12 | Construir | Farm |
| 12:18 | Construir | Blacksmith |
| 12:28 | Investigar | Double-Bit Axe |
| 12:48 | Crear | Spearman |
| 12:49 | Crear | Spearman |
| 12:49 | Crear | Spearman |
| 12:57 | Crear | Scout Cavalry |
| 12:58 | Crear | Scout Cavalry |
| 13:06 | Construir | Watch Tower |
| 13:14 | Construir | Farm |
| 13:17 | Crear | Villager (Male) |
| 13:29 | Investigar | Scale Barding Armor |
| 13:36 | Crear | Scout Cavalry |
| 14:02 | Construir | House |
| 14:05 | Crear | Villager (Male) |
| 14:18 | Crear | Villager (Male) |
| 14:41 | Crear | Villager (Male) |
| 14:47 | Construir | House |
| 14:55 | Crear | Scout Cavalry |
| 14:58 | Crear | Villager (Male) |
| 15:08 | Construir | Market |
| 15:21 | Crear | Villager (Male) |
| 15:23 | Construir | Farm |
| 15:33 | Construir | Farm |
| 15:58 | Construir | Palisade Gate |
| 16:07 | Crear | Villager (Male) |
| 16:09 | Construir | Farm |
| 16:24 | Construir | Farm |
| 16:25 | Crear | Villager (Male) |
| 16:39 | Construir | Lumber Camp |
| 16:45 | Crear | Villager (Male) |
| 16:48 | Crear | Villager (Male) |
| 17:17 | Construir | Archery Range |
| 17:18 | Crear | Scout Cavalry |
| 17:19 | Crear | Scout Cavalry |
| 17:39 | Crear | Villager (Male) |
| 17:48 | Investigar | Forging |
| 17:54 | Construir | House |
| 18:55 | Construir | Stone Wall |
| 19:00 | Crear | Villager (Male) |
| 19:01 | Crear | Villager (Male) |
| 19:12 | Construir | House |
| 19:19 | Construir | Farm |
| 19:22 | Construir | Farm |
| 19:42 | Crear | Villager (Male) |
| 19:46 | Construir | Farm |
| 19:50 | Construir | Farm |
| 19:52 | Crear | Villager (Male) |
| 20:03 | Investigar | Wheelbarrow |
| 20:13 | Construir | Lumber Camp |
| 20:47 | Construir | Gate |
| 21:14 | Construir | Stable |
| 21:30 | Investigar | Castle Age |
| 22:13 | Construir | Mining Camp |
| 22:26 | Construir | House |
| 22:53 | Investigar | Padded Archer Armor |
| 22:57 | Crear | Archer |
| 22:57 | Crear | Archer |
| 22:58 | Crear | Archer |
| 22:58 | Crear | Archer |
| 22:58 | Crear | Archer |
| 22:59 | Crear | Archer |
| 22:59 | Crear | Archer |
| 23:50 | Construir | Archery Range |
| 24:20 | Crear | Villager (Male) |
| 24:20 | Crear | Villager (Male) |
| 24:35 | Edad | Edad de los Castillos |
| 24:42 | Construir | Town Center |
| 24:55 | Crear | Villager (Male) |
| 25:15 | Construir | Siege Workshop |
| 25:19 | Crear | Villager (Male) |
| 25:25 | Crear | Knight |
| 25:44 | Investigar | Bow Saw |
| 25:50 | Crear | Villager (Male) |
| 26:00 | Construir | House |
| 26:11 | Crear | Battering Ram |
| 26:11 | Crear | Battering Ram |
| 26:19 | Crear | Villager (Male) |
| 26:23 | Crear | Villager (Male) |
| 26:23 | Crear | Villager (Male) |
| 26:36 | Crear | Villager (Male) |
| 26:48 | Construir | Lumber Camp |
| 26:53 | Crear | Archer |
| 26:58 | Crear | Battering Ram |
| 27:20 | Crear | Villager (Male) |
| 27:21 | Crear | Villager (Male) |
| 27:31 | Construir | Farm |
| 27:34 | Construir | Farm |
| 27:39 | Construir | Monastery |
| 27:43 | Crear | Villager (Male) |
| 27:44 | Crear | Villager (Male) |
| 27:51 | Construir | House |
| 27:59 | Crear | Knight |
| 28:18 | Crear | Villager (Male) |
| 28:18 | Crear | Villager (Male) |
| 28:19 | Crear | Villager (Male) |
| 28:20 | Crear | Villager (Male) |
| 28:31 | Investigar | Crossbowman (upgrade) |
| 29:00 | Crear | Villager (Male) |
| 29:06 | Construir | House |
| 29:17 | Crear | Knight |
| 29:17 | Crear | Knight |
| 29:28 | Crear | Villager (Male) |
| 29:30 | Crear | Villager (Male) |
| 29:33 | Construir | House |
Build order — SupremestStone
Primeras 150 de 306 acciones detectadas
| 0:04 | Investigar | Loom |
| 0:04 | Crear | Villager (Male) |
| 0:04 | Crear | Villager (Male) |
| 0:05 | Crear | Villager (Male) |
| 0:05 | Crear | Villager (Male) |
| 0:05 | Crear | Villager (Male) |
| 0:05 | Crear | Villager (Male) |
| 0:07 | Construir | House |
| 0:09 | Construir | House |
| 2:23 | Construir | Palisade Wall |
| 2:42 | Crear | Villager (Male) |
| 2:42 | Crear | Villager (Male) |
| 3:12 | Construir | Palisade Wall |
| 3:13 | Crear | Villager (Male) |
| 3:13 | Crear | Villager (Male) |
| 3:33 | Crear | Villager (Male) |
| 3:34 | Crear | Villager (Male) |
| 3:55 | Construir | Palisade Gate |
| 4:16 | Crear | Villager (Male) |
| 4:16 | Crear | Villager (Male) |
| 4:16 | Crear | Villager (Male) |
| 4:33 | Construir | Lumber Camp |
| 4:49 | Crear | Villager (Male) |
| 4:49 | Crear | Villager (Male) |
| 4:50 | Crear | Villager (Male) |
| 4:50 | Crear | Villager (Male) |
| 5:26 | Crear | Villager (Male) |
| 5:27 | Crear | Villager (Male) |
| 5:52 | Construir | House |
| 5:56 | Crear | Villager (Male) |
| 5:56 | Crear | Villager (Male) |
| 6:25 | Construir | Palisade Gate |
| 6:36 | Crear | Villager (Male) |
| 6:37 | Crear | Villager (Male) |
| 6:37 | Crear | Villager (Male) |
| 7:05 | Crear | Villager (Male) |
| 7:06 | Crear | Villager (Male) |
| 7:06 | Crear | Villager (Male) |
| 8:27 | Construir | House |
| 8:37 | Construir | House |
| 8:40 | Construir | House |
| 8:43 | Construir | House |
| 8:48 | Crear | Villager (Male) |
| 8:48 | Crear | Villager (Male) |
| 8:49 | Crear | Villager (Male) |
| 11:21 | Crear | Villager (Male) |
| 11:22 | Crear | Villager (Male) |
| 11:22 | Crear | Villager (Male) |
| 11:33 | Construir | Mill |
| 11:51 | Construir | House |
| 11:59 | Construir | Palisade Wall |
| 12:48 | Construir | Mill |
| 13:37 | Crear | Villager (Male) |
| 13:38 | Crear | Villager (Male) |
| 13:41 | Crear | Villager (Male) |
| 14:22 | Construir | Palisade Wall |
| 14:55 | Investigar | Feudal Age |
| 15:22 | Construir | Palisade Wall |
| 16:16 | Crear | Villager (Male) |
| 16:17 | Crear | Villager (Male) |
| 16:19 | Crear | Villager (Male) |
| 16:26 | Construir | Mill |
| 17:23 | Construir | Mining Camp |
| 17:42 | Construir | Stone Wall |
| 18:44 | Crear | Villager (Male) |
| 18:44 | Crear | Villager (Male) |
| 18:44 | Crear | Villager (Male) |
| 18:45 | Crear | Villager (Male) |
| 19:34 | Construir | Stone Wall |
| 19:55 | Crear | Villager (Male) |
| 19:55 | Crear | Villager (Male) |
| 20:05 | Construir | Lumber Camp |
| 20:26 | Construir | Mill |
| 21:22 | Crear | Villager (Male) |
| 21:32 | Construir | Mining Camp |
| 21:58 | Crear | Villager (Male) |
| 21:59 | Crear | Villager (Male) |
| 22:07 | Construir | Market |
| 22:15 | Construir | Blacksmith |
| 22:34 | Construir | House |
| 22:38 | Construir | House |
| 22:46 | Crear | Villager (Male) |
| 22:47 | Crear | Villager (Male) |
| 23:16 | Construir | Watch Tower |
| 23:23 | Crear | Villager (Male) |
| 23:23 | Crear | Villager (Male) |
| 23:24 | Investigar | Castle Age |
| 23:59 | Construir | Barracks |
| 24:31 | Investigar | Fletching |
| 24:45 | Construir | Lumber Camp |
| 25:17 | Construir | Archery Range |
| 25:37 | Crear | Villager (Male) |
| 25:37 | Crear | Villager (Male) |
| 25:45 | Investigar | Wheelbarrow |
| 25:49 | Investigar | Double-Bit Axe |
| 26:09 | Construir | Mining Camp |
| 26:12 | Crear | Archer |
| 26:13 | Crear | Archer |
| 26:13 | Crear | Archer |
| 26:16 | Crear | Archer |
| 26:16 | Crear | Archer |
| 26:32 | Construir | Siege Workshop |
| 26:56 | Construir | University |
| 27:20 | Crear | Mangonel |
| 27:20 | Crear | Mangonel |
| 27:29 | Crear | Villager (Male) |
| 27:30 | Crear | Villager (Male) |
| 27:48 | Construir | Town Center |
| 28:10 | Construir | Farm |
| 28:10 | Construir | Farm |
| 28:10 | Construir | Farm |
| 28:11 | Construir | Farm |
| 28:11 | Construir | Farm |
| 28:11 | Construir | Farm |
| 28:11 | Construir | Farm |
| 28:12 | Construir | Farm |
| 28:44 | Crear | Battering Ram |
| 28:47 | Crear | Villager (Male) |
| 28:47 | Crear | Villager (Male) |
| 29:14 | Construir | Gate |
| 29:54 | Crear | Villager (Male) |
| 29:54 | Crear | Villager (Male) |
| 29:54 | Crear | Villager (Male) |
| 29:55 | Crear | Villager (Male) |
| 30:08 | Construir | Farm |
| 30:09 | Construir | Farm |
| 30:09 | Construir | Farm |
| 30:09 | Construir | Farm |
| 30:09 | Construir | Farm |
| 32:35 | Investigar | Fortified Wall (upgrade) |
| 33:05 | Construir | Gate |
| 33:10 | Construir | Stone Wall |
| 33:17 | Crear | Villager (Male) |
| 33:17 | Crear | Villager (Male) |
| 33:18 | Crear | Villager (Male) |
| 33:18 | Crear | Villager (Male) |
| 33:18 | Crear | Villager (Male) |
| 33:41 | Crear | Villager (Male) |
| 33:42 | Crear | Villager (Male) |
| 33:49 | Construir | House |
| 33:52 | Construir | House |
| 33:58 | Construir | House |
| 34:00 | Construir | House |
| 34:43 | Crear | Villager (Male) |
| 34:43 | Crear | Villager (Male) |
| 34:44 | Crear | Villager (Male) |
| 34:57 | Construir | Farm |
| 34:57 | Construir | Farm |
| 34:57 | Construir | Farm |
| 34:57 | Construir | Farm |
Build order — AlejoLodbrok
Primeras 150 de 275 acciones detectadas
| 0:12 | Construir | House |
| 0:14 | Construir | House |
| 0:29 | Investigar | Loom |
| 0:30 | Crear | Villager (Male) ×4 |
| 1:31 | Construir | Palisade Wall |
| 3:23 | Construir | Mule Cart |
| 3:30 | Crear | Villager (Male) |
| 3:30 | Crear | Villager (Male) |
| 3:30 | Crear | Villager (Male) |
| 4:12 | Construir | Palisade Wall |
| 4:27 | Crear | Villager (Male) ×3 |
| 4:27 | Crear | Villager (Male) ×3 |
| 4:27 | Crear | Villager (Male) ×3 |
| 4:51 | Construir | Palisade Gate |
| 5:03 | Crear | Villager (Male) |
| 5:03 | Crear | Villager (Male) |
| 5:22 | Construir | House |
| 6:40 | Construir | House |
| 7:05 | Crear | Villager (Male) ×4 |
| 7:06 | Crear | Villager (Male) ×4 |
| 7:06 | Crear | Villager (Male) ×4 |
| 7:33 | Construir | Mill |
| 7:52 | Construir | Mill |
| 10:19 | Crear | Villager (Male) ×5 |
| 10:20 | Crear | Villager (Male) ×5 |
| 10:20 | Crear | Villager (Male) |
| 10:20 | Crear | Villager (Male) |
| 10:39 | Construir | Mule Cart |
| 12:19 | Construir | Mill |
| 12:30 | Investigar | Feudal Age |
| 12:32 | Crear | Villager (Male) ×2 |
| 12:59 | Construir | House |
| 13:00 | Construir | House |
| 13:02 | Construir | House |
| 13:47 | Construir | Mule Cart |
| 13:54 | Crear | Villager (Male) |
| 13:54 | Crear | Villager (Male) |
| 13:54 | Crear | Villager (Male) |
| 15:27 | Construir | Stone Wall |
| 16:00 | Construir | Gate |
| 16:26 | Investigar | Wheelbarrow |
| 16:27 | Crear | Villager (Male) |
| 16:27 | Crear | Villager (Male) ×2 |
| 16:47 | Construir | Farm |
| 16:48 | Construir | Farm |
| 16:48 | Construir | Farm |
| 16:48 | Construir | Farm |
| 16:48 | Construir | Farm |
| 17:08 | Construir | Market |
| 17:15 | Construir | Blacksmith |
| 17:33 | Investigar | Double-Bit Axe |
| 18:30 | Construir | Farm |
| 18:30 | Construir | Farm |
| 18:31 | Construir | Farm |
| 18:31 | Construir | Farm |
| 18:31 | Construir | Farm |
| 18:34 | Construir | Farm |
| 18:34 | Construir | Farm |
| 18:34 | Construir | Farm |
| 18:35 | Construir | Farm |
| 18:35 | Construir | Farm |
| 18:35 | Construir | Farm |
| 18:41 | Crear | Villager (Male) ×2 |
| 18:57 | Construir | House |
| 19:00 | Construir | House |
| 19:01 | Construir | House |
| 19:18 | Crear | Villager (Male) ×2 |
| 19:18 | Crear | Villager (Male) ×2 |
| 19:28 | Construir | Farm |
| 19:28 | Construir | Farm |
| 19:28 | Construir | Farm |
| 19:28 | Construir | Farm |
| 19:29 | Construir | Farm |
| 19:53 | Investigar | Horse Collar |
| 20:44 | Construir | Watch Tower |
| 21:08 | Crear | Villager (Male) ×5 |
| 21:08 | Crear | Villager (Male) ×5 |
| 21:08 | Crear | Villager (Male) ×5 |
| 21:18 | Construir | Farm |
| 21:20 | Construir | Farm |
| 21:22 | Construir | Farm |
| 21:39 | Construir | House |
| 21:40 | Construir | House |
| 21:42 | Construir | House |
| 21:43 | Construir | House |
| 21:45 | Construir | House |
| 21:46 | Construir | House |
| 22:55 | Investigar | Castle Age |
| 23:21 | Construir | Watch Tower |
| 23:52 | Investigar | Scale Mail Armor |
| 23:52 | Investigar | Forging |
| 23:54 | Investigar | Padded Archer Armor |
| 25:21 | Construir | Barracks |
| 25:46 | Construir | Castle |
| 25:53 | Investigar | Hand Cart |
| 25:54 | Crear | Villager (Male) ×5 |
| 26:16 | Investigar | Heavy Plow |
| 26:16 | Investigar | Heavy Plow |
| 26:25 | Construir | House |
| 26:27 | Construir | House |
| 26:28 | Construir | House |
| 26:29 | Construir | House |
| 27:00 | Investigar | Squires |
| 27:01 | Investigar | Arson |
| 27:14 | Construir | Archery Range |
| 27:59 | Crear | Villager (Male) ×5 |
| 28:15 | Construir | Farm |
| 29:02 | Crear | Archer ×4 |
| 29:16 | Construir | University |
| 29:23 | Crear | Spearman ×5 |
| 29:24 | Crear | Spearman ×5 |
| 29:24 | Crear | Spearman ×4 |
| 29:24 | Crear | Spearman ×4 |
| 30:02 | Construir | Stone Wall |
| 30:09 | Construir | Gate |
| 32:09 | Investigar | Fortified Wall (upgrade) |
| 32:10 | Investigar | Murder Holes |
| 32:22 | Construir | Siege Workshop |
| 32:36 | Construir | Stone Wall |
| 32:44 | Construir | Gate |
| 32:52 | Investigar | Crossbowman (upgrade) |
| 33:00 | Investigar | Pikeman (upgrade) |
| 33:05 | Crear | Composite Bowman ×5 |
| 33:06 | Crear | Composite Bowman ×5 |
| 33:06 | Crear | Composite Bowman ×2 |
| 33:13 | Crear | Villager (Male) ×5 |
| 33:14 | Crear | Villager (Male) ×5 |
| 33:14 | Crear | Villager (Male) ×5 |
| 33:14 | Crear | Villager (Male) ×5 |
| 33:14 | Crear | Villager (Male) ×5 |
| 33:28 | Construir | Farm |
| 33:30 | Construir | Farm |
| 33:36 | Construir | Town Center |
| 33:40 | Construir | Farm |
| 33:40 | Construir | Farm |
| 33:40 | Construir | Farm |
| 33:40 | Construir | Farm |
| 33:41 | Construir | Farm |
| 33:41 | Construir | Farm |
| 33:43 | Construir | Farm |
| 33:43 | Construir | Farm |
| 33:44 | Construir | Farm |
| 33:44 | Construir | Farm |
| 33:44 | Construir | Farm |
| 33:44 | Construir | Farm |
| 33:45 | Construir | Farm |
| 34:30 | Crear | Mangonel |
| 34:51 | Investigar | Leather Archer Armor |
| 34:52 | Investigar | Fletching |
| 34:52 | Investigar | Fletching |
Build order — JZan774426
Primeras 150 de 250 acciones detectadas
| 0:03 | Construir | House |
| 0:06 | Construir | House |
| 0:07 | Crear | Villager (Male) |
| 0:07 | Crear | Villager (Male) |
| 0:08 | Crear | Villager (Male) |
| 0:32 | Crear | Villager (Male) |
| 1:32 | Crear | Villager (Male) |
| 2:00 | Construir | Lumber Camp |
| 2:03 | Crear | Villager (Male) |
| 2:39 | Crear | Villager (Male) |
| 3:12 | Crear | Villager (Male) |
| 3:13 | Crear | Villager (Male) |
| 4:09 | Construir | House |
| 4:29 | Crear | Villager (Male) |
| 4:29 | Crear | Villager (Male) |
| 4:55 | Crear | Villager (Male) |
| 6:13 | Crear | Villager (Male) |
| 6:14 | Crear | Villager (Male) |
| 7:06 | Construir | Mill |
| 7:10 | Crear | Villager (Male) |
| 7:11 | Crear | Villager (Male) |
| 7:22 | Construir | House |
| 7:51 | Crear | Villager (Male) |
| 8:21 | Construir | Mill |
| 8:48 | Construir | Farm |
| 8:49 | Construir | Farm |
| 8:50 | Construir | Farm |
| 8:51 | Construir | Farm |
| 8:52 | Construir | Farm |
| 8:53 | Construir | Farm |
| 8:57 | Crear | Villager (Male) |
| 8:58 | Crear | Villager (Male) |
| 8:58 | Crear | Villager (Male) |
| 9:57 | Crear | Villager (Male) |
| 10:10 | Crear | Villager (Male) |
| 10:17 | Construir | Farm |
| 10:36 | Construir | Farm |
| 10:42 | Investigar | Feudal Age |
| 11:02 | Construir | Mining Camp |
| 11:11 | Crear | Villager (Male) |
| 11:12 | Crear | Villager (Male) |
| 12:25 | Construir | Barracks |
| 13:15 | Construir | House |
| 13:20 | Construir | House |
| 13:28 | Construir | House |
| 13:31 | Construir | House |
| 14:31 | Crear | Villager (Male) |
| 14:31 | Crear | Villager (Male) |
| 14:35 | Investigar | Double-Bit Axe |
| 14:37 | Investigar | Horse Collar |
| 15:36 | Construir | Archery Range |
| 15:43 | Crear | Villager (Male) |
| 15:43 | Crear | Villager (Male) |
| 15:44 | Crear | Villager (Male) |
| 16:10 | Construir | Blacksmith |
| 16:57 | Crear | Skirmisher |
| 16:57 | Crear | Skirmisher |
| 16:57 | Crear | Skirmisher |
| 17:11 | Investigar | Castle Age |
| 17:16 | Investigar | Fletching |
| 17:47 | Construir | Farm |
| 17:47 | Construir | Farm |
| 17:48 | Construir | Farm |
| 17:50 | Construir | Farm |
| 17:51 | Construir | Farm |
| 19:13 | Crear | Villager (Male) |
| 19:14 | Crear | Villager (Male) |
| 19:14 | Crear | Villager (Male) |
| 19:59 | Construir | Watch Tower |
| 20:22 | Construir | Mining Camp |
| 20:24 | Crear | Villager (Male) |
| 21:50 | Crear | Villager (Male) |
| 21:50 | Crear | Villager (Male) |
| 21:50 | Crear | Villager (Male) |
| 22:56 | Crear | Villager (Male) |
| 22:56 | Crear | Villager (Male) |
| 23:38 | Crear | Villager (Male) |
| 23:38 | Crear | Villager (Male) |
| 23:45 | Crear | Skirmisher |
| 23:45 | Crear | Skirmisher |
| 23:45 | Crear | Skirmisher |
| 23:47 | Investigar | Elite Skirmisher (upgrade) |
| 24:10 | Crear | Villager (Male) |
| 26:01 | Construir | Mining Camp |
| 26:04 | Crear | Villager (Male) |
| 26:04 | Crear | Villager (Male) |
| 26:05 | Crear | Villager (Male) |
| 26:22 | Investigar | Crossbowman (upgrade) |
| 26:22 | Crear | Skirmisher |
| 26:23 | Crear | Skirmisher |
| 26:23 | Crear | Skirmisher |
| 26:23 | Crear | Skirmisher |
| 26:24 | Crear | Archer |
| 26:24 | Crear | Archer |
| 26:25 | Crear | Archer |
| 26:25 | Crear | Archer |
| 26:28 | Crear | Villager (Male) |
| 26:44 | Construir | Siege Workshop |
| 26:53 | Construir | University |
| 27:14 | Construir | Market |
| 27:28 | Construir | Lumber Camp |
| 27:58 | Crear | Mangonel |
| 27:58 | Crear | Mangonel |
| 27:58 | Crear | Mangonel |
| 28:10 | Crear | Villager (Male) |
| 28:15 | Construir | House |
| 28:17 | Construir | House |
| 28:18 | Construir | House |
| 28:20 | Construir | House |
| 28:21 | Construir | House |
| 28:23 | Construir | House |
| 28:25 | Construir | House |
| 28:48 | Investigar | Ballistics |
| 28:56 | Construir | Lumber Camp |
| 29:21 | Crear | Archer |
| 29:21 | Crear | Skirmisher |
| 29:22 | Crear | Archer |
| 29:22 | Crear | Skirmisher |
| 29:27 | Investigar | Gold Mining |
| 29:45 | Construir | Archery Range |
| 30:02 | Investigar | Wheelbarrow |
| 30:04 | Investigar | Loom |
| 30:32 | Construir | Town Center |
| 31:01 | Construir | Farm |
| 31:35 | Crear | Villager (Male) |
| 31:35 | Crear | Villager (Male) |
| 31:35 | Crear | Villager (Male) |
| 31:49 | Construir | Farm |
| 32:22 | Construir | Town Center |
| 33:57 | Investigar | Imperial Age |
| 34:12 | Construir | Castle |
| 35:52 | Construir | Mining Camp |
| 35:55 | Crear | Villager (Male) |
| 35:55 | Crear | Villager (Male) |
| 35:56 | Crear | Villager (Male) |
| 35:56 | Crear | Villager (Male) |
| 35:56 | Crear | Villager (Male) |
| 35:56 | Crear | Villager (Male) |
| 35:56 | Crear | Villager (Male) |
| 35:56 | Crear | Villager (Male) |
| 35:58 | Crear | Villager (Male) |
| 35:58 | Crear | Villager (Male) |
| 35:59 | Crear | Villager (Male) |
| 35:59 | Crear | Villager (Male) |
| 35:59 | Crear | Villager (Male) |
| 35:59 | Crear | Villager (Male) |
| 36:11 | Investigar | Stone Mining |
| 37:08 | Crear | Trebuchet (Packed) |
| 37:30 | Investigar | Arbalester (upgrade) |
| 37:32 | Crear | Archer |
Cronología de la partida
| 1:16 | J Stark 8910 · wall_segment Palisade Wall x9 |
| 1:31 | AlejoLodbrok · wall_segment Palisade Wall x17 |
| 2:23 | SupremestStone · wall_segment Palisade Wall x8 |
| 3:12 | SupremestStone · wall_segment Palisade Wall x9 |
| 4:12 | AlejoLodbrok · wall_segment Palisade Wall x12 |
| 6:22 | MAREKE · wall_segment Palisade Wall x10 |
| 6:53 | f.zangroniz · first_building Barracks |
| 8:59 | J Stark 8910 · first_building Dock |
| 9:55 | MAREKE · first_building Barracks |
| 11:53 | MAREKE · age_up feudal |
| 11:55 | f.zangroniz · age_up feudal |
| 11:56 | MAREKE · first_building Stable |
| 11:59 | SupremestStone · wall_segment Palisade Wall x1 |
| 12:25 | JZan774426 · first_building Barracks |
| 12:29 | f.zangroniz · first_building Archery Range |
| 14:04 | f.zangroniz · wall_segment Stone Wall x20 |
| 14:22 | SupremestStone · wall_segment Palisade Wall x14 |
| 14:26 | f.zangroniz · first_building Stable |
| 15:22 | SupremestStone · wall_segment Palisade Wall x8 |
| 15:27 | AlejoLodbrok · wall_segment Stone Wall x20 |
| 15:36 | JZan774426 · first_building Archery Range |
| 16:21 | J Stark 8910 · wall_segment Stone Wall x10 |
| 17:17 | MAREKE · first_building Archery Range |
| 17:42 | SupremestStone · wall_segment Stone Wall x13 |
| 18:55 | MAREKE · wall_segment Stone Wall x12 |
| 19:34 | SupremestStone · wall_segment Stone Wall x13 |
| 21:25 | MAREKE · first_market_buy 100 food |
| 22:39 | AlejoLodbrok · first_market_buy 100 food |
| 22:44 | AlejoLodbrok · first_market_sell 100 wood |
| 23:16 | J Stark 8910 · first_market_sell 100 wood |
| 23:59 | SupremestStone · first_building Barracks |
| 24:04 | J Stark 8910 · first_building Barracks |
| 24:35 | MAREKE · age_up castle |
| 25:15 | MAREKE · first_building Siege Workshop |
| 25:17 | SupremestStone · first_building Archery Range |
| 25:21 | AlejoLodbrok · first_building Barracks |
| 25:46 | AlejoLodbrok · first_building Castle |
| 26:20 | J Stark 8910 · first_building Archery Range |
| 26:32 | SupremestStone · first_building Siege Workshop |
| 26:43 | f.zangroniz · age_up castle |
| 26:44 | JZan774426 · first_building Siege Workshop |
| 26:48 | f.zangroniz · first_building Siege Workshop |
| 27:14 | AlejoLodbrok · first_building Archery Range |
| 27:39 | MAREKE · first_building Monastery |
| 29:05 | J Stark 8910 · first_building Castle |
| 29:34 | f.zangroniz · first_building Castle |
| 30:02 | AlejoLodbrok · wall_segment Stone Wall x12 |
| 32:10 | JZan774426 · first_market_sell 100 food |
| 32:15 | JZan774426 · first_market_buy 100 wood |
| 32:22 | AlejoLodbrok · first_building Siege Workshop |
| 32:27 | f.zangroniz · first_building Monastery |
| 32:36 | AlejoLodbrok · wall_segment Stone Wall x11 |
| 32:56 | J Stark 8910 · wall_segment Stone Wall x7 |
| 33:10 | SupremestStone · wall_segment Stone Wall x1 |
| 34:12 | JZan774426 · first_building Castle |
| 34:55 | f.zangroniz · first_market_sell 100 food |
| 34:57 | MAREKE · first_building Castle |
| 35:21 | J Stark 8910 · first_market_buy 100 food |
| 37:31 | SupremestStone · first_building Monastery |
| 37:44 | f.zangroniz · age_up imperial |
| 38:20 | SupremestStone · wall_segment Stone Wall x9 |
| 39:24 | J Stark 8910 · first_building Siege Workshop |
| 40:31 | SupremestStone · first_building Castle |
| 42:04 | SupremestStone · wall_segment Stone Wall x1 |
| 42:50 | SupremestStone · wall_segment Stone Wall x1 |
| 42:52 | SupremestStone · wall_segment Stone Wall x1 |
| 43:19 | SupremestStone · wall_segment Stone Wall x4 |
| 43:27 | MAREKE · age_up imperial |
| 43:34 | SupremestStone · wall_segment Stone Wall x1 |
| 44:14 | SupremestStone · wall_segment Stone Wall x3 |
| 44:44 | SupremestStone · wall_segment Stone Wall x1 |
| 48:36 | SupremestStone · wall_segment Stone Wall x12 |
| 50:09 | AlejoLodbrok · wall_segment Stone Wall x19 |
| 50:40 | SupremestStone · wall_segment Stone Wall x1 |
| 52:10 | SupremestStone · wall_segment Stone Wall x14 |
| 52:12 | AlejoLodbrok · wall_segment Stone Wall x8 |
| 55:18 | SupremestStone · wall_segment Stone Wall x4 |
| 55:19 | MAREKE · wall_segment Stone Wall x11 |
| 55:37 | AlejoLodbrok · wall_segment Stone Wall x5 |
| 55:40 | SupremestStone · wall_segment Stone Wall x1 |
| 55:52 | SupremestStone · wall_segment Stone Wall x11 |
| 56:12 | SupremestStone · wall_segment Stone Wall x9 |
| 56:36 | JZan774426 · resign |
| 56:47 | AlejoLodbrok · wall_segment Stone Wall x14 |
| 57:17 | SupremestStone · first_building Stable |
| 58:41 | SupremestStone · wall_segment Stone Wall x13 |
| 59:07 | J Stark 8910 · tribute_sent a jugador 2 |
| 59:07 | J Stark 8910 · tribute_sent a jugador 3 |
| 59:07 | J Stark 8910 · tribute_sent a jugador 4 |
| 59:07 | J Stark 8910 · tribute_sent a jugador 5 |
| 59:07 | J Stark 8910 · tribute_sent a jugador 6 |
| 59:20 | SupremestStone · tribute_sent a jugador 1 |
| 59:20 | SupremestStone · tribute_sent a jugador 2 |
| 59:20 | SupremestStone · tribute_sent a jugador 4 |
| 59:20 | SupremestStone · tribute_sent a jugador 5 |
| 59:20 | SupremestStone · tribute_sent a jugador 6 |
[ ANÁLISIS IA · 1 CRÉDITO ]
¿Qué pasó realmente en esta partida?
Wolo.gg analiza cada decisión: build order, eco, micro, errores típicos por bracket. Análisis personalizado por WhatsApp o Discord en 30 segundos.
Guía civ
Persas
Perfil
Jugador #25288586